TOP OF THE 1ST |
North Carolina Tar Heels batting - Pitching for Missouri Tigers : RHP Juan Figueroa
|
Pitching: RHP Juan Figueroa
|
|
Batting: RHB Derek Scott
|
0-0: Ball 1-0: Ball 2-0: Ball 3-0: Called Strike 3-1: Base on Balls
|
Batting: RHB Frederick Curtis
|
0-0: Foul Ball, location: 2F 0-1: Fly out, F8 (Flyball, 8RM)
|
Batting: LHB Vaughn Carter
|
0-0: Called Strike 0-1: Ball 1-1: Ball 2-1: Swinging Strike 2-2: Foul Ball, location: 2F 2-2: Foul Ball, location: 2F 2-2: Strikes out swinging
|
Batting: RHB Mike Shelton
|
0-0: Ball 1-0: Ball 2-0: Foul Ball, location: 2F 2-1: Ball 3-1: Fly out, F7 (Flyball, 7M)
|
Top of the 1st over - 0 run(s), 0 hit(s), 0 error(s), 1 left on base; North Carolina 0 - Missouri 0 |
BOTTOM OF THE 1ST |
Missouri Tigers batting - Pitching for North Carolina Tar Heels : RHP Andrew Moss
|
Pitching: RHP Andrew Moss
|
|
Batting: LHB Neil Rodríguez
|
0-0: Ball 1-0: Called Strike 1-1: Ball 2-1: Called Strike 2-2: Foul Ball, location: 2F 2-2: Foul Ball, location: 2F 2-2: Ball 3-2: Strikes out swinging
|
Batting: LHB Jim Wallace
|
0-0: Ball 1-0: Foul Ball, location: 2F 1-1: Ball 2-1: Ground out 6-3 (Groundball, 6)
|
Batting: RHB José González
|
0-0: Called Strike 0-1: Ball 1-1: Ball 2-1: Ball 3-1: Swinging Strike 3-2: Base on Balls
|
Batting: RHB George Mitchell
|
0-0: Ball José González steals 2nd base 1-0: Ball 2-0: Called Strike 2-1: SINGLE (Groundball, 4D) (infield hit) José González to third
|
Batting: SHB Eric Pimentel
|
0-0: Ball 1-0: Foul Ball, location: 2F 1-1: Ball 2-1: Foul Ball, location: 2F 2-2: Hit by Pitch George Mitchell to second
|
Batting: RHB Bobby Murdock
|
0-0: Swinging Strike 0-1: Ball 1-1: Called Strike 1-2: DOUBLE (Line Drive, 7LD) José González scores George Mitchell scores Eric Pimentel to third Runner from 3rd tries for Home, SAFE, no throw or cutoff
|
Batting: RHB Rob Smith
|
0-0: Ball 1-0: SINGLE (Line Drive, 7S) Bobby Murdock to third Runner from 3rd tries for Home, SAFE, no throw or cutoff
|
Batting: RHB Wilford Shaw
|
0-0: Called Strike 0-1: Foul Ball, location: 2F 0-2: Ball 1-2: Ball 2-2: Fly out, F8 (Line Drive, 8LM)
|
Bottom of the 1st over - 4 run(s), 3 hit(s), 0 error(s), 1 left on base; North Carolina 0 - Missouri 4 |
TOP OF THE 2ND |
North Carolina Tar Heels batting - Pitching for Missouri Tigers : RHP Juan Figueroa
|
Batting: LHB José Morales
|
0-0: Ball 1-0: DOUBLE (Flyball, 7D)
|
Batting: SHB Richard Griffin
|
0-0: Ball 1-0: Ball 2-0: Called Strike 2-1: Foul Ball, location: 2F 2-2: DOUBLE (Flyball, 8RXD) José Morales scores
|
Batting: SHB Rod Good
|
0-0: Called Strike 0-1: Fly out, F7 (Flyball, 7LM)
|
Batting: RHB Jeff Townsley
|
0-0: Fly out, F7 (Flyball, 78S)
|
Batting: RHB Preston Wooten
|
0-0: Ball 1-0: Foul Ball, location: 2F 1-1: Ball 2-1: Foul Ball, location: 2F 2-2: Ball 3-2: Base on Balls
|
Batting: RHB Derek Scott
|
0-0: Fly out, F3 (Popup, 13)
|
Top of the 2nd over - 1 run(s), 2 hit(s), 0 error(s), 2 left on base; North Carolina 1 - Missouri 4 |
BOTTOM OF THE 2ND |
Missouri Tigers batting - Pitching for North Carolina Tar Heels : RHP Andrew Moss
|
Batting: RHB Ken Uttley
|
0-0: Ball 1-0: Ground out 5-3 (Groundball, 5)
|
Batting: LHB Neil Rodríguez
|
0-0: Ball 1-0: Swinging Strike 1-1: Ball 2-1: Foul Ball, location: 2F 2-2: Strikes out swinging
|
Batting: LHB Jim Wallace
|
0-0: Called Strike 0-1: Swinging Strike 0-2: Ball 1-2: Strikes out swinging
|
Bottom of the 2nd over - 0 run(s), 0 hit(s), 0 error(s), 0 left on base; North Carolina 1 - Missouri 4 |
TOP OF THE 3RD |
North Carolina Tar Heels batting - Pitching for Missouri Tigers : RHP Juan Figueroa
|
Batting: RHB Frederick Curtis
|
0-0: Swinging Strike 0-1: Ball 1-1: Called Strike 1-2: SINGLE (Flyball, 9LM)
|
Batting: LHB Vaughn Carter
|
0-0: Ball 1-0: Ball 2-0: Called Strike 2-1: Ball 3-1: Called Strike 3-2: DOUBLE (Flyball, 9LS) Frederick Curtis to third
|
Batting: RHB Mike Shelton
|
0-0: Ball 1-0: Called Strike 1-1: Foul Ball, location: 2F 1-2: Ball 2-2: Strikes out swinging
|
Batting: LHB José Morales
|
0-0: Ball 1-0: Ground out 1-3 (Groundball, 13S)
|
Batting: SHB Richard Griffin
|
0-0: Called Strike 0-1: Ball 1-1: Foul Ball, location: 2F 1-2: Ball 2-2: Ball 3-2: Fly out, F7 (Line Drive, 7M)
|
Top of the 3rd over - 0 run(s), 2 hit(s), 0 error(s), 2 left on base; North Carolina 1 - Missouri 4 |
BOTTOM OF THE 3RD |
Missouri Tigers batting - Pitching for North Carolina Tar Heels : RHP Andrew Moss
|
Batting: RHB José González
|
0-0: Called Strike 0-1: TRIPLE (Flyball, 8LM)
|
Batting: RHB George Mitchell
|
0-0: SINGLE (Groundball, 34D) José González scores
|
Batting: SHB Eric Pimentel
|
0-0: Ball 1-0: Called Strike 1-1: Foul Ball, location: 2F 1-2: Strikes out swinging George Mitchell steals 2nd base Batter strikes out.
|
Batting: RHB Bobby Murdock
|
0-0: Called Strike 0-1: Called Strike 0-2: Strikes out swinging
|
Batting: RHB Rob Smith
|
0-0: Ball 1-0: Fly out, F8 (Flyball, 8RM)
|
Bottom of the 3rd over - 1 run(s), 2 hit(s), 0 error(s), 1 left on base; North Carolina 1 - Missouri 5 |
TOP OF THE 4TH |
North Carolina Tar Heels batting - Pitching for Missouri Tigers : RHP Juan Figueroa
|
Batting: SHB Rod Good
|
0-0: Ball 1-0: Called Strike 1-1: SOLO HOME RUN (Flyball, 9D), Distance : 365 ft
|
Batting: RHB Jeff Townsley
|
0-0: Ball 1-0: Called Strike 1-1: Ball 2-1: Swinging Strike 2-2: Ball 3-2: Ground out 6-3 (Groundball, 6)
|
Batting: RHB Preston Wooten
|
0-0: Ball 1-0: Ball 2-0: SINGLE (Line Drive, 6M)
|
Batting: RHB Derek Scott
|
0-0: Called Strike 0-1: Swinging Strike 0-2: Ball Preston Wooten steals 2nd base 1-2: Ball 2-2: Ball 3-2: Strikes out swinging
|
Batting: RHB Frederick Curtis
|
0-0: Fly out, F5 (Line Drive, 5)
|
Top of the 4th over - 1 run(s), 2 hit(s), 0 error(s), 1 left on base; North Carolina 2 - Missouri 5 |
BOTTOM OF THE 4TH |
Missouri Tigers batting - Pitching for North Carolina Tar Heels : RHP Andrew Moss
|
Batting: RHB Wilford Shaw
|
0-0: Called Strike 0-1: Ball 1-1: Ball 2-1: Called Strike 2-2: Fly out, F1 (Line Drive, 13)
|
Batting: RHB Ken Uttley
|
0-0: Swinging Strike 0-1: Swinging Strike 0-2: Ball 1-2: Ground out 4-3 (Groundball, 4)
|
Batting: LHB Neil Rodríguez
|
0-0: Called Strike 0-1: Ball 1-1: Ground out 1-3 (Groundball, 15S)
|
Bottom of the 4th over - 0 run(s), 0 hit(s), 0 error(s), 0 left on base; North Carolina 2 - Missouri 5 |
TOP OF THE 5TH |
North Carolina Tar Heels batting - Pitching for Missouri Tigers : RHP Juan Figueroa
|
Batting: LHB Vaughn Carter
|
0-0: Foul Ball, location: 2F 0-1: Ball 1-1: Ground out 6-3 (Groundball, 6)
|
Pitching: RHP Ralph Marks
|
|
Batting: RHB Mike Shelton
|
0-0: Called Strike 0-1: Ball 1-1: Foul Ball, location: 2F 1-2: Ball 2-2: Fly out, F9 (Flyball, 89M)
|
Batting: LHB José Morales
|
0-0: Ball 1-0: Ball 2-0: Ball 3-0: Called Strike 3-1: Base on Balls
|
Batting: SHB Richard Griffin
|
0-0: Ball 1-0: SINGLE (Line Drive, 9LS) José Morales to second
|
Batting: SHB Rod Good
|
0-0: SINGLE (Line Drive, 56) José Morales to third Richard Griffin to second
|
Batting: RHB Jeff Townsley
|
0-0: Ball 1-0: Called Strike 1-1: Foul Ball, location: 2F 1-2: Strikes out looking
|
Top of the 5th over - 0 run(s), 2 hit(s), 0 error(s), 3 left on base; North Carolina 2 - Missouri 5 |
BOTTOM OF THE 5TH |
Missouri Tigers batting - Pitching for North Carolina Tar Heels : RHP Andrew Moss
|
Batting: LHB Jim Wallace
|
0-0: Hit by Pitch
|
Batting: RHB José González
|
0-0: Ball 1-0: Called Strike 1-1: Swinging Strike 1-2: Ball 2-2: Ball 3-2: Base on Balls Jim Wallace to second
|
Pitching: LHP Chris McDonald
|
|
Batting: RHB George Mitchell
|
0-0: Called Strike 0-1: Ball 1-1: Swinging Strike 1-2: Foul Ball, location: 2F 1-2: SINGLE (Line Drive, 8LS) Jim Wallace to third José González to second Runner from 3rd tries for Home, SAFE, no throw or cutoff
|
Batting: SHB Eric Pimentel
|
0-0: SINGLE (Groundball, 4MD) José González to third George Mitchell to second Runner from 3rd tries for Home, SAFE, no throw or cutoff
|
Batting: RHB Bobby Murdock
|
0-0: Called Strike 0-1: Ball 1-1: Swinging Strike 1-2: Ball 2-2: Ball 3-2: Foul Ball, location: 2F 3-2: Strikes out swinging
|
Batting: RHB Rob Smith
|
0-0: Called Strike 0-1: Ball 1-1: Called Strike 1-2: Strikes out looking
|
Batting: RHB Wilford Shaw
|
0-0: Called Strike 0-1: Foul Ball, location: 2F 0-2: Foul Ball, location: 2F 0-2: Foul Ball, location: 2F 0-2: Ball 1-2: Ball 2-2: SINGLE (Line Drive, 4M) George Mitchell to third Eric Pimentel to second Runner from 3rd tries for Home, SAFE, no throw or cutoff
|
Batting: RHB Ken Uttley
|
0-0: Foul Ball, location: 2F 0-1: Ball 1-1: Called Strike 1-2: Ball 2-2: Ball 3-2: Foul Ball, location: 2F 3-2: Strikes out swinging
|
Bottom of the 5th over - 3 run(s), 3 hit(s), 0 error(s), 2 left on base; North Carolina 2 - Missouri 8 |
TOP OF THE 6TH |
North Carolina Tar Heels batting - Pitching for Missouri Tigers : RHP Ralph Marks
|
Batting: RHB Preston Wooten
|
0-0: Ball 1-0: Called Strike 1-1: Ground out 6-3 (Groundball, 6M)
|
Batting: RHB Derek Scott
|
0-0: Called Strike 0-1: Swinging Strike 0-2: Ball 1-2: Strikes out swinging
|
Batting: RHB Frederick Curtis
|
0-0: Ball 1-0: Ground out 5-3 (Groundball, 56S)
|
Top of the 6th over - 0 run(s), 0 hit(s), 0 error(s), 0 left on base; North Carolina 2 - Missouri 8 |
BOTTOM OF THE 6TH |
Missouri Tigers batting - Pitching for North Carolina Tar Heels : LHP Chris McDonald
|
Pitching: RHP Bob Howard
|
|
Batting: LHB Neil Rodríguez
|
0-0: Called Strike 0-1: Ball 1-1: Ball 2-1: Foul Ball, location: 2F 2-2: Strikes out looking
|
Batting: LHB Jim Wallace
|
0-0: Called Strike 0-1: Fly out, F8 (Flyball, 8RM)
|
Batting: RHB José González
|
0-0: Called Strike 0-1: Swinging Strike 0-2: Ball 1-2: Strikes out looking
|
Bottom of the 6th over - 0 run(s), 0 hit(s), 0 error(s), 0 left on base; North Carolina 2 - Missouri 8 |
TOP OF THE 7TH |
North Carolina Tar Heels batting - Pitching for Missouri Tigers : RHP Ralph Marks
|
Pitching: RHP Johnny Jones
|
|
Batting: LHB Vaughn Carter
|
0-0: Ball 1-0: Ball 2-0: Called Strike 2-1: Foul Ball, location: 2F 2-2: Ball 3-2: SINGLE (Flyball, 9S)
|
Batting: RHB Mike Shelton
|
0-0: Swinging Strike 0-1: Ball 1-1: Swinging Strike 1-2: Strikes out swinging
|
Batting: LHB José Morales
|
0-0: Foul Ball, location: 2F 0-1: Foul Ball, location: 2F 0-2: Foul Ball, location: 2F 0-2: Fly out, F1 (Line Drive, 15)
|
Batting: SHB Richard Griffin
|
0-0: Called Strike 0-1: Swinging Strike 0-2: Foul Ball, location: 2F 0-2: Ball 1-2: Ball 2-2: Ball Vaughn Carter steals 2nd base 3-2: Base on Balls
|
Batting: SHB Rod Good
|
0-0: Called Strike 0-1: Foul Ball, location: 2F 0-2: DOUBLE (Groundball, 3L) Vaughn Carter scores Richard Griffin to third Runner from 3rd tries for Home, throw and OUT!
|
Top of the 7th over - 1 run(s), 2 hit(s), 0 error(s), 1 left on base; North Carolina 3 - Missouri 8 |
BOTTOM OF THE 7TH |
Missouri Tigers batting - Pitching for North Carolina Tar Heels : RHP Bob Howard
|
Batting: RHB George Mitchell
|
0-0: Ball 1-0: Foul Ball, location: 2F 1-1: Ball 2-1: Foul Ball, location: 2F 2-2: Ball 3-2: Base on Balls
|
Batting: SHB Eric Pimentel
|
0-0: Ball 1-0: Ball 2-0: Ball 3-0: Base on Balls George Mitchell to second
|
Batting: RHB Bobby Murdock
|
0-0: Ball 1-0: Ball 2-0: Called Strike 2-1: Foul Ball, location: 2F 2-2: DOUBLE (Flyball, 7LM) George Mitchell scores Eric Pimentel to third
|
Batting: RHB Rob Smith
|
0-0: Swinging Strike 0-1: Ball 1-1: Ball 2-1: SINGLE (Groundball, 15) (infield hit)
|
Batting: RHB Wilford Shaw
|
0-0: Called Strike 0-1: Ball 1-1: Swinging Strike 1-2: Ball 2-2: Ball 3-2: Base on Balls Eric Pimentel scores Bobby Murdock to third Rob Smith to second
|
Batting: RHB Ken Uttley
|
0-0: Ball 1-0: Called Strike 1-1: Foul Ball, location: 2F 1-2: Strikes out swinging
|
Batting: LHB Neil Rodríguez
|
0-0: Called Strike 0-1: Foul Ball, location: 2F 0-2: Foul Ball, location: 2F 0-2: Foul Ball, location: 2F 0-2: Ball 1-2: Ball 2-2: Foul Ball, location: 2F 2-2: DOUBLE (Line Drive, 9LM) Bobby Murdock scores Rob Smith scores Wilford Shaw to third
|
Pitching: LHP Scott Henson
|
|
Batting: LHB Jim Wallace
|
0-0: Called Strike 0-1: Ball 1-1: Ball 2-1: Swinging Strike 2-2: Strikes out swinging
|
Batting: RHB José González
|
0-0: Ball 1-0: Ball 2-0: Ball 3-0: Called Strike 3-1: Base on Balls
|
Batting: RHB George Mitchell
|
0-0: Fly out, F2 (Popup, 2RF)
|
Bottom of the 7th over - 4 run(s), 3 hit(s), 0 error(s), 3 left on base; North Carolina 3 - Missouri 12 |
TOP OF THE 8TH |
North Carolina Tar Heels batting - Pitching for Missouri Tigers : RHP Johnny Jones
|
Now in CF: Hoyt Norris
|
|
Batting: RHB Jeff Townsley
|
0-0: Ball 1-0: Called Strike 1-1: Foul Ball, location: 2F 1-2: Ball 2-2: Strikes out swinging
|
Batting: RHB Preston Wooten
|
0-0: Foul Ball, location: 2F 0-1: Ball 1-1: Ball 2-1: Ball 3-1: Base on Balls
|
Pitching: RHP J.R. Wood
|
|
Batting: RHB Derek Scott
|
0-0: Ball 1-0: SINGLE (Line Drive, 78S) Preston Wooten to second
|
Batting: RHB Frederick Curtis
|
0-0: Ball 1-0: Called Strike 1-1: Ball 2-1: Ball 3-1: Base on Balls Preston Wooten to third Derek Scott to second
|
Batting: LHB Vaughn Carter
|
0-0: Called Strike 0-1: Ball 1-1: Ball 2-1: Ball 3-1: Called Strike 3-2: Grounds into double play, 4-6-3 (Groundball, 4)
|
Top of the 8th over - 0 run(s), 1 hit(s), 0 error(s), 2 left on base; North Carolina 3 - Missouri 12 |
BOTTOM OF THE 8TH |
Missouri Tigers batting - Pitching for North Carolina Tar Heels : LHP Scott Henson
|
Batting: SHB Eric Pimentel
|
0-0: Ball 1-0: Called Strike 1-1: Ball 2-1: Ball 3-1: Foul Ball, location: 2F 3-2: Foul Ball, location: 2F 3-2: SOLO HOME RUN (Flyball, 78XD), Distance : 381 ft
|
Batting: RHB Bobby Murdock
|
0-0: SINGLE (Groundball, 4M)
|
Batting: RHB Rob Smith
|
0-0: Called Strike 0-1: Swinging Strike 0-2: Ball 1-2: Ball 2-2: SINGLE (Groundball, 34S) Bobby Murdock to second Runner from 2nd tries for 3rd, OUT!
|
Batting: RHB Wilford Shaw
|
0-0: Foul Ball, location: 2F 0-1: Ball 1-1: Ground out 4-3 (Groundball, 4MS) Rob Smith to second
|
Batting: RHB Ken Uttley
|
0-0: Called Strike 0-1: Fly out, F2 (Popup, 25F)
|
Bottom of the 8th over - 1 run(s), 3 hit(s), 0 error(s), 1 left on base; North Carolina 3 - Missouri 13 |
TOP OF THE 9TH |
North Carolina Tar Heels batting - Pitching for Missouri Tigers : RHP J.R. Wood
|
Now at 2B: Nick Webber
|
|
Batting: RHB Mike Shelton
|
0-0: Ball 1-0: Ball 2-0: Ball 3-0: Base on Balls
|
Batting: LHB José Morales
|
0-0: Ball 1-0: Called Strike 1-1: Foul Ball, location: 2F 1-2: Ball 2-2: Foul Ball, location: 2F 2-2: Ball 3-2: Ground out U3 (Groundball, 3) Mike Shelton to second
|
Batting: SHB Richard Griffin
|
0-0: Ball 1-0: Ball 2-0: Swinging Strike 2-1: Called Strike 2-2: Strikes out swinging
|
Batting: SHB Rod Good
|
0-0: Ball 1-0: Ball 2-0: Called Strike 2-1: Foul Ball, location: 2F 2-2: Foul Ball, location: 2F 2-2: Strikes out swinging
|
Top of the 9th over - 0 run(s), 0 hit(s), 0 error(s), 1 left on base; North Carolina 3 - Missouri 13 |
|